 Dungeon Crawl Stone Soup version 0.30-a0-358-g0d69a1922f (webtiles) character file.

Game seed: 17465880007282093074

4025 Manisia the Covert (level 10, 0/75 HPs)
             Began as an Octopode Transmuter on Nov 10, 2022.
             Was a Believer of Sif Muna.
             Slain by a yak (5 damage)
             ... on level 9 of the Dungeon.
             The game lasted 00:14:04 (8866 turns).

Manisia the Covert (Octopode Transmuter)            Turns: 8866, Time: 00:14:04

Health: 0/75       AC: 12    Str: 16    XL:     10   Next: 24%
Magic:  23/27      EV: 15    Int: 24    God:    Sif Muna [**....]
Gold:   282        SH:  0    Dex: 12    Spells: 9/19 levels left

rFire   x . .      SeeInvis +      - Unarmed
rCold   + + +      Faith    .    (shield currently unavailable)
rNeg    . . .      Spirit   .    (helmet currently unavailable)
rPois   +          Reflect  .    (no amulet)
rElec   .          Harm     .    f - +6 ring of strength
rCorr   .          Rampage  .    d - ring "Foumaot" {EV+4 Int+4}
Will    .....                    e - ring of magical power
Stlth   ++++......               n - ring of see invisible
HPRegen 0.32/turn                r - +4 ring of protection
MPRegen 0.20/turn                (no ring)
                                 (no ring)
                                 (no ring)

@: ice-form, wereblooded
A: freezing attack, boosted hp, almost no armour, amphibious, 8 rings, large,
(camouflage 1), (gelatinous body 1), (nimble swimmer 1), (tentacles)
a: End Transformation, Renounce Religion, Channel Magic


You were on level 9 of the Dungeon.
You worshipped Sif Muna.
Sif Muna was pleased with you.
You were a creature of crystalline ice.
You visited 2 branches of the dungeon, and saw 10 of its levels.

You collected 337 gold pieces.
You spent 55 gold pieces at shops.

Inventory:

Missiles
 l - 78 stones (quivered)
 u - a throwing net
 v - 6 poisoned darts
Jewellery
 d - the ring "Foumaot" (right front paw) {EV+4 Int+4}
   (You acquired it on level 1 of the Dungeon)

   [ring of evasion]

   EV:        It affects your evasion (+4).
   Int:       It affects your intelligence (+4).
 e - a ring of magical power (on tentacle)
 f - a +6 ring of strength (left front paw)
 n - a ring of see invisible (on tentacle)
 r - a +4 ring of protection (on tentacle)
Wands
 j - a wand of polymorph (4)
 t - a wand of mindburst (18)
 x - a wand of flame (14)
Scrolls
 p - a scroll of fog
 q - a scroll of blinking
 w - a scroll of amnesia
 y - a scroll of enchant weapon
Potions
 a - a potion of lignification
 b - 2 potions of mutation
 c - 3 potions of flight
 g - 2 potions of degeneration {unknown}
 h - 2 potions of might
 i - 2 potions of brilliance
 k - 2 potions of attraction
 m - a potion of heal wounds
 o - 5 potions of curing
 s - a potion of invisibility {unknown}
 z - a potion of ambrosia {unknown}


   Skills:
 + Level 3.3 Fighting
 + Level 4.9 Dodging
 - Level 8.2 Stealth
 + Level 8.0 Unarmed Combat
 + Level 5.3 Spellcasting
 + Level 6.6 Transmutations
 + Level 3.0 Ice Magic
 - Level 3.0 Poison Magic


You had 9 spell levels left.
You knew the following spells:

 Your Spells              Type           Power      Damage    Failure   Level
a - Beastly Appendage     Tmut           76%        N/A       1%          1
b - Wereblood             Tmut           38%        N/A       1%          2
c - Spider Form           Tmut/Pois      29%        N/A       3%          3
d - Ice Form              Ice/Tmut       29%        N/A       12%         4

Your spell library contained the following spells:

 Spells                   Type           Power      Damage    Failure   Level
 Apportation              Tloc           12%        N/A       9%          1
 Kiss of Death            Conj/Necr      24%        2d7       9%          1
 Magic Dart               Conj           24%        1d4       9%          1
 Call Imp                 Summ           6%         N/A       13%         2
 Mephitic Cloud           Conj/Pois/Air  11%        N/A       17%         3
 Confusing Touch          Hex            6%         N/A       26%         3
 Dazzling Flash           Conj/Hex       12%        N/A       26%         3
 Vhi's Electric Charge    Tloc/Air       12%        N/A       26%         3
 Alistair's Intoxication  Tmut/Pois      19%        N/A       32%         5
 Airstrike                Air            3%         2d(1-17)  63%         4
 Dispel Undead            Necr           6%         3d8       63%         4
 Summon Lightning Spire   Summ/Air       6%         N/A       63%         4
 Agony                    Necr           6%         N/A       93%         5
 Arcjolt                  Conj/Air       3%         1d13      93%         5
 Lightning Bolt           Conj/Air       3%         1d14      93%         5
 Silence                  Hex/Air        3%         N/A       93%         5
 Maxwell's Capacitive Co  Air            3%         ∞         100%        8


Dungeon Overview and Level Annotations

Branches:
Dungeon (9/15)             Temple (1/1) D:6            Lair (0/5) D:8
    Orc: D:9-12

Altars:
Ashenzari
Cheibriados
Dithmenos
Elyvilon
Fedhas
Gozag
Hepliaklqana
Kikubaaqudgha
Makhleb
Nemelex Xobeh
Okawaru
Qazlal
Ru
Sif Muna
Trog
Uskayaw
Vehumet
Xom
Yredelemnul
Zin
The Shining One

Shops:
D:2 [(!*

Annotations:
D:2 Sigmund
D:8 exclusion: downstairs


Innate Abilities, Weirdness & Mutations

You are a creature of crystalline ice.
You have a powerful freezing melee attack.
Your maximum health is increased.
Your armour is entirely melded.
You are incapable of wielding weapons or throwing items.
You cannot wear most types of armour.
You are amphibious.
You can wear up to eight rings at the same time.
((Your skin changes colour to match your surroundings (Stealth+).))
((Your rubbery body absorbs attacks. (AC +1, EV +1)))
((You are camouflaged when in or above water. (Stealth+)))
((You have tentacles for arms and can constrict up to eight enemies at once.))


Message History

Unknown command.
Casting: Wereblood (safe; 1% risk of failure)
Confirm with . or Enter, or press ? or * to list all spells.
You turn into a creature of crystalline ice.
You howl as the wereblood boils in your veins!
The centaur misses you. The centaur closely misses you.
The gnoll closely misses you. The gnoll sergeant closely misses you.
The yak gores you! x2
* * * LOW HITPOINT WARNING * * *
The yak gores you.
* * * LOW HITPOINT WARNING * * *
The centaur hits you.
* * * LOW HITPOINT WARNING * * *
The centaur closely misses you.
You feel much better.
The centaur hits you but does no damage.
The centaur kicks you but does no damage.
The gnoll hits you but does no damage. The yak misses you.
The gnoll sergeant closely misses you. The yak gores you!
The yak completely misses you.
You are too injured to fight recklessly!
You are too injured to fight recklessly!
You pummel the centaur!! You freeze the centaur.
You feel a bit better.
You kill the centaur!
Sif Muna accepts your kill. The gnoll closely misses you. The yak gores you.
The yak gores you!
* * * LOW HITPOINT WARNING * * *
The yak completely misses you.
The gnoll sergeant hits you from afar with a +0 spear!
* * * LOW HITPOINT WARNING * * *
A howler monkey comes into view.
You completely miss the gnoll.
The gnoll hits you from afar with a +0 spear.
* * * LOW HITPOINT WARNING * * *
The yak barely misses you.
The howler monkey hoots and howls with incredible vigour!
The gnoll hits you but does no damage. The yak gores you.
* * * LOW HITPOINT WARNING * * *
The yak gores you.
You die...

...................#
...................#
...................##h
......................
.....................#
.....................#
................h....#
......................
.........###)gY...........
.........# #.YYY..........
....... #)gDg..........
...... ....g...........
... ..................
....................
.....$..............
............<....:..
....................


You could see 3 yaks, a steam dragon, a gnoll sergeant, 2 howler monkeys and 3
gnolls.

Vanquished Creatures
  Psyche (D:8)
  4 yaks (D:8)
  Duvessa (D:7)
  3 water moccasins
  3 orc warriors
  2 sky beasts
  2 black bears (D:8)
  An ice beast (D:7)
  A centaur (D:9)
  3 phantoms
  2 kobold brigands
  3 bullfrogs
  A gnoll sergeant (D:8)
  A necrophage (D:7)
  5 scorpions
  4 wights (D:8)
  Dowan (D:7)
  3 killer bees (D:8)
  3 jellies
  2 hounds
  Crazy Yiuf (D:7)
  2 orc priests
  3 iguanas
  6 orc wizards
  An adder (D:4)
  8 gnolls
  A shadow imp (D:5)
  3 white imps
  An ufetubus (D:6)
  A worm (D:3)
  4 dart slugs
  17 orcs
  3 ball pythons (D:1)
  3 bats (D:1)
  8 endoplasms
  2 giant cockroaches
  13 goblins
  9 hobgoblins
  4 jackals (D:1)
  7 quokkas
  3 frilled lizards
  13 kobolds
  2 rats (D:1)
161 creatures vanquished.

Vanquished Creatures (others)
  A gnoll (D:9)
1 creature vanquished.

Grand Total: 162 creatures vanquished

Notes
Turn   | Place    | Note
-------+----------+-------------------------------------------
     0 | D:1      | Manisia the Octopode Transmuter began the quest for the
                  | Orb.
     0 | D:1      | Reached XP level 1. HP: 13/13 MP: 3/3
   180 | D:1      | Reached XP level 2. HP: 17/18 MP: 3/5
   342 | D:1      | Learned a level 2 spell: Wereblood
   621 | D:1      | Reached XP level 3. HP: 21/23 MP: 4/6
   780 | D:1      | You fall into a shaft and drop 1 floor!
  1034 | D:1      | Learned a level 3 spell: Spider Form
  1222 | D:1      | Identified a scroll of acquirement
  1222 | D:1      | Acquired the ring "Foumaot" {EV+4 Int+4}
  1287 | D:2      | Noticed Sigmund
  1300 | D:2      | Reached skill level 1 in Stealth
  1332 | D:2      | Found Diatod's Antique Weapon Shop.
  1495 | D:2      | Found Urosch's Antique Armour Shop.
  1536 | D:2      | Found a faded altar of an unknown god.
  1600 | D:2      | Found Xyqesicw's Distillery.
  1618 | D:2      | Bought a potion of heal wounds for 55 gold pieces
  1667 | D:2      | Found Onesynku's General Store.
  1680 | D:2      | Reached XP level 4. HP: 28/28 MP: 7/7
  2153 | D:3      | Found a burning altar of Makhleb.
  2352 | D:3      | Found a glowing golden altar of the Shining One.
  2659 | D:4      | Found a hazy altar of Hepliaklqana.
  2741 | D:4      | Identified the +1 ring mail of Syndicalism {Will+ Str+5}
  2771 | D:4      | Noticed a phantom
  2782 | D:4      | Killed a phantom
  2783 | D:4      | Reached skill level 1 in Poison Magic
  2783 | D:4      | Reached XP level 5. HP: 15/33 MP: 3/9
  3045 | D:4      | Noticed a phantom
  3057 | D:4      | Killed a phantom
  3058 | D:4      | Reached XP level 6. HP: 26/38 MP: 10/10
  3749 | D:5      | Entered Level 5 of the Dungeon
  3771 | D:5      | Reached skill level 5 in Unarmed Combat
  3898 | D:5      | Reached XP level 7. HP: 43/43 MP: 12/12
  3976 | D:5      | Found a sparkling altar of Nemelex Xobeh.
  4708 | D:6      | Reached XP level 8. HP: 48/48 MP: 14/14
  4801 | D:6      | Found a blossoming altar of Fedhas.
  4860 | D:6      | Found a staircase to the Ecumenical Temple.
  4878 | Temple   | Entered the Ecumenical Temple
  5444 | Temple   | Became a worshipper of Sif Muna the Loreminder
  5724 | D:6      | Identified the +2 leather armour "Hauri" {rElec rPois rC-
                  | Stlth+}
  5764 | D:6      | Found a bloodstained altar of Trog.
  5794 | D:6      | Learned a level 4 spell: Ice Form
  6094 | D:6      | Found a hide-covered altar of Uskayaw.
  6094 | D:6      | Found a radiant altar of Vehumet.
  6590 | D:7      | Reached skill level 5 in Stealth
  6590 | D:7      | Reached skill level 5 in Spellcasting
  6590 | D:7      | Reached skill level 5 in Transmutations
  6590 | D:7      | Reached XP level 9. HP: 54/54 MP: 16/16
  6698 | D:7      | Reached skill level 1 in Ice Magic
  6729 | D:7      | Noticed Duvessa
  6729 | D:7      | Noticed Dowan
  6739 | D:7      | Killed Duvessa
  6746 | D:7      | Killed Dowan
  6746 | D:7      | Reached * piety under Sif Muna
  7138 | D:7      | Found a runed translucent door.
  7139 | D:7      | Noticed Crazy Yiuf
  7467 | D:7      | Killed Crazy Yiuf
  7797 | D:8      | Found a stormy altar of Qazlal.
  8077 | D:8      | Reached XP level 10. HP: 63/63 MP: 17/17
  8216 | D:8      | Noticed Psyche
  8229 | D:8      | Reached ** piety under Sif Muna
  8231 | D:8      | Killed Psyche
  8349 | D:8      | Found a staircase to the Lair.
  8356 | D:8      | Found a shadowy altar of Dithmenos.
  8866 | D:9      | Slain by a yak

Illustrated notes

Levels and vault maps discovered:
D:1:      elethiomel_arrival_infinity_welcomes_careful_drivers, layout_basic
D:2:      layout_rooms, chequers_ecumenical_altar_island, serial_shops,
          nicolae_shop_hallway_plus, nicolae_square_shop, shop, shop,
          uniq_sigmund
D:3:      layout_basic, lightli_temple_of_fire, nicolae_overflow_crystal_walls
D:4:      layout_loops_corners, old_standard_altar
D:5:      layout_basic, nemelex_xobeh_ov_fountains_minmay
D:6:      layout_loops_cross, trog_book, overflow_temple_1_default,
          nicolae_overflow_two_pavilions, temple_doors_cd, corexii_corridor_pit,
          minmay_a_box_with_orc_wizards_in_it
D:7:      layout_layer_cave, uniq_duvessa, uniq_crazy_yiuf_cottage
D:8:      layout_basic, mainiacjoe_overflow_paths,
          mainiacjoe_overflow_tiny_flanked, lair_entry_dummy, uniq_psyche
D:9:      layout_big_octagon, enter_bailey_5, nicolae_diode_basic
Temple:   chequers_temple_sunken

Skill      XL: |  1  2  3  4  5  6  7  8  9 10 |
---------------+-------------------------------+-----
Stealth        | 1 2 3 4 5 8 |  8.2
Unarmed Combat | 4 5 7 8 |  8.0
Transmutations | 3 4 5 6 |  6.6
Poison Magic   | 1 2 3 |  3.0
Spellcasting   | 3 4 5 |  5.3
Dodging        | 4 |  4.9
Ice Magic      | 3 |  3.0
Fighting       | 3 |  3.3

Action                   |  1- 3 |  4- 6 |  7- 9 | 10-12 || total
-------------------------+-------+-------+-------+-------++-------
Melee: Unarmed           |    73 |    69 |   242 |    57 ||   441
       Kick              |    14 |    25 |    24 |       ||    63
       Constrict         |    23 |    14 |    12 |       ||    49
       Tentacles         |    11 |    16 |    11 |       ||    38
       Punch             |       |       |     4 |       ||     4
Throw: Stone             |       |       |     2 |       ||     2
 Cast: Beastly Appendage |    24 |    20 |    21 |       ||    65
       Wereblood         |     2 |     1 |     9 |     3 ||    15
       Spider Form       |       |     1 |     9 |     1 ||    11
       Ice Form          |       |       |     1 |     2 ||     3
  Use: Scroll            |     5 |     2 |    10 |       ||    17
       Potion            |       |       |       |     2 ||     2
 Stab: Sleeping          |     7 |     8 |     5 |       ||    20
Armor: Skin              |     2 |     1 |    39 |    26 ||    68
Dodge: Dodged            |    40 |    38 |   254 |   136 ||   468

Table legend: (Time is in decaauts)
 A = Elapsed time spent in this place.
 B = Non-inter-level travel time spent in this place.
 C = Inter-level travel time spent in this place.
 D = Time resting spent in this place.
 E = Time spent auto-exploring this place.
 F = Levels seen in this place.
 G = Mean time per level.
                   A        B        C        D        E       F      G
               +--------+--------+--------+--------+--------+-----+--------+
         Total |   8800 |   8536 |    264 |     20 |   7286 |  10 |  880.0 |
       Dungeon |   8215 |   8012 |    203 |     20 |   6775 |   9 |  912.8 |
        Temple |    584 |    523 |     61 |      0 |    511 |   1 |  584.0 |
               +--------+--------+--------+--------+--------+-----+--------+

Top non-repeatable levels by time:
     D:7: 1333 daAuts
     D:8: 1234 daAuts
     D:1: 1204 daAuts
     D:4: 1166 daAuts
     D:6: 1019 daAuts
     D:5: 820 daAuts
     D:3: 691 daAuts
     D:2: 675 daAuts
  Temple: 584 daAuts
     D:9: 70 daAuts
